 Dungeon Sprint DCSS version 0.29.1-1-gd02db6906a (webtiles) character file.

Game seed: 13246446276388280273

46 GigaChad the Covered (level 3, -5/37 HPs)
             Began as a Minotaur Fighter on Sept 19, 2022.
             Drowned by a water elemental (9 damage)
             ... in the Dungeon (Sprint III: "The Ten Rune Challenge").
             The game lasted 00:00:35 (259 turns).

GigaChad the Covered (Minotaur Fighter)              Turns: 259, Time: 00:00:35

Health: -5/37      AC:  7    Str: 22    XL:     3   Next: 44%
Magic:  2/2        EV:  9    Int:  5    God:
Gold:   9          SH:  5    Dex:  9    Spells: 2/2 levels left

rFire   . . .      SeeInvis .   a - +0 long sword
rCold   . . .      Faith    .   c - +0 buckler
rNeg    . . .      Spirit   .   b - +0 scale mail
rPois   .          Reflect  .   (helmet restricted)
rElec   .          Harm     .   (no cloak)
rCorr   .          Rampage  .   (no gloves)
Will    .....      NoTele   +   (no boots)
Stlth   ..........              (no amulet)
HPRegen 0.12/turn               (no ring)
MPRegen 0.08/turn               (no ring)

@: engulfed (cannot breathe)
A: horns 2, retaliatory headbutt
a: no special abilities


You were in the Dungeon.
You visited 1 branch You collected 9 gold pieces.

Inventory:

Hand Weapons
 a - a +0 long sword (weapon)
Armour
 b - a +0 scale mail (worn)
 c - a +0 buckler (worn)
Wands
 k - a wand of digging (7)
Scrolls
 j - a scroll of blinking
Potions
 d - a potion of might
 e - a potion of curing
 f - a potion of heal wounds
 g - a potion of haste
 h - 2 potions of magic
 i - a potion of berserk rage


   Skills:
 + Level 5.9 Fighting
 + Level 3.2 Long Blades
 + Level 6.0 Armour
 + Level 0.5 Dodging
 + Level 5.5 Shields


You had 2 spell levels left.
You didn't know any spells.
Your spell library was empty.

Dungeon Overview and Level Annotations

Branches:
Dungeon (1/1)

Altars:


Innate Abilities, Weirdness & Mutations

You have a pair of horns on your head.
You reflexively headbutt those who attack you in melee.


Message History

You hit the human but do no damage. Your headbutt misses the human.
The human is severely wounded.
You block the human's attack.
You closely miss the human.
The human is severely wounded.
The human hits you but does no damage. The human closely misses you.
You hit the human but do no damage.
The human is severely wounded.
You block the human's attack.
You miss the human. You headbutt the human!
You kill the human!
Your Armour skill increases to level 6!
You have reached level 3!
Your experience leads to an increase in your attributes!
Increase (S)trength, (I)ntelligence, or (D)exterity?
You feel stronger. x2
You start resting.
You start resting.
HP restored.
You open the door.
A water elemental comes into view.
You block the water elemental's attack.
There is an open door to the Ecumenical Temple here.
The water elemental hits you!
You hit the water elemental but do no damage.
Your headbutt misses the water elemental.
The water elemental hits you.
The water elemental engulfs you in water!
You slip free of the water engulfing you.
* * * LOW HITPOINT WARNING * * *
Your lungs strain for air!
The water elemental closely misses you.
There is a fountain of clear blue water here.
You slip free of the water engulfing you.
* * * LOW HITPOINT WARNING * * *
Your lungs strain for air!
The water elemental hits you.
You hit the water elemental. You headbutt the water elemental.
The water elemental is moderately damaged.
You die...

▓▓▓ ♣.# ♣♣.# ### ..#
..#....~♣♣♣♣♣.###+#+###+
..#...~~♣.♣.♣.#.........
..#..~~~~♣♣...'.⌠.......
#'#..~≈≈~~~...#E@.######
.)#.~~≈~~~....#.⌠.#
..#.~≈~~~.....#...#
..#.~~~.......#+###
###...........#
..............#
▓▓▓▓▓▓▓▓▓▓▓▓▓▓▓


You could see a water elemental.

Vanquished Creatures
  Jessica (D)
  A human (D)
  An endoplasm (D)
  A rat (D)
4 creatures vanquished.

Notes
Turn   | Place    | Note
-------+----------+-------------------------------------------
     0 | D        | GigaChad the Minotaur Fighter began the quest for the Orb.
     0 | D        | Reached XP level 1. HP: 19/19 MP: 0/0
     9 | D        | Reached skill level 4 in Armour
    16 | D        | Noticed Jessica
    17 | D        | Killed Jessica
    18 | D        | Reached skill level 5 in Fighting
    18 | D        | Reached skill level 5 in Armour
    18 | D        | Reached skill level 5 in Shields
    18 | D        | Reached XP level 2. HP: 20/29 MP: 1/1
   142 | D        | Reached skill level 6 in Armour
   142 | D        | Reached XP level 3. HP: 23/37 MP: 2/2
   253 | D        | Noticed a water elemental
   259 | D        | Drowned by a water elemental

Illustrated notes

Levels and vault maps discovered:
D:        dungeon_sprint_mu [sprint_mu_entry_forest, sprint_mu_temple_rooms,
          sprint_mu_d1_spiders, sprint_mu_d2_genie, sprint_mu_d3_branching,
          sprint_mu_orc_legion, sprint_mu_elf_gauntlet, sprint_mu_hive_nellie,
          sprint_mu_lair_fedhas, sprint_mu_vaults_butterflies,
          sprint_mu_slime_circle, sprint_mu_swamp_cave, sprint_mu_shoals_kraken,
          sprint_mu_blade_basic, sprint_mu_crypt_fortress,
          sprint_mu_tomb_spiral, sprint_mu_vestibule_basic,
          sprint_mu_gehenna_hellfire, sprint_mu_dis_giant,
          sprint_mu_tartarus_statrot, sprint_mu_cocytus_islands, sprint_mu_zot1]

Skill      XL: |  1  2 |
---------------+-------+-----
Fighting       | 5 |  5.9
Armour         | 5 6 |  6.0
Long Blades    | 3 |  3.2
Shields        | 5 |  5.5
Dodging        | |  0.5

Action                   || total
-------------------------++-------
Melee: Long sword        ||    17
       Headbutt          ||     4
Armor: Scale mail        ||     5
Dodge: Dodged            ||     8
Block: Buckler           ||     4
